 Dungeon Crawl Stone Soup version 0.29-a0-284-gf9362112df (webtiles) character file.

Game seed: 1392125972657214091

43893 ytrimaz the Tortoise (level 13, -3/128 HPs)
             Began as a Minotaur Berserker on Mar 16, 2022.
             Was an Elder of Trog.
             Killed from afar by Jorgrun (34 damage)
             ... with an iron shot
             ... on level 15 of the Dungeon.
             The game lasted 00:19:11 (13131 turns).

ytrimaz the Tortoise (Minotaur Berserker)          Turns: 13131, Time: 00:19:11

Health: -3/128     AC: 30    Str: 25    XL:     13   Next: 93%
Magic:  21/21      EV:  8    Int:  4    God:    Trog [****..]
Gold:   816        SH:  0    Dex: 12    Spells: 12/12 levels left

rFire   + . .      SeeInvis +   a - +1 hand axe (vamp)
rCold   + . .      Faith    .   (no shield)
rNeg    . . .      Spirit   .   S - +7 chain mail of the Accordion {rC+ Stlth+}
rPois   .          Reflect  .   C - +1 hat
rElec   .          Harm     .   m - +3 cloak "Ujoihabi" {Fly rF+ MP+9}
rCorr   .          Rampage  .   E - +0 pair of gloves
Will    .....                   q - +0 pair of boots
Stlth   ..........              y - amulet of regeneration
HPRegen 1.11/turn               n - +4 ring of slaying
MPRegen 0.17/turn               L - ring of see invisible

@: grasped by roots, flying, constricted
A: horns 2, retaliatory headbutt
a: Renounce Religion, Berserk, Trog's Hand, Brothers in Arms


You were on level 15 of the Dungeon.
You worshipped Trog.
Trog was greatly pleased with you.
You visited 1 branch of the dungeon, and saw 15 of its levels.

You collected 816 gold pieces.

Inventory:

Hand Weapons
 a - a +1 vampiric hand axe (weapon)
 j - a +0 antimagic hand axe
 A - a +1 war axe
Missiles
 x - 3 throwing nets (quivered)
Armour
 e - a +1 plate armour
 m - the +3 cloak "Ujoihabi" (worn) {Fly rF+ MP+9}
   (You found it on level 3 of the Dungeon)

   rF:        It protects you from fire.
   MP:        It affects your magic capacity (+9).
   Fly:       It grants you flight.
 q - a +0 pair of boots (worn)
 r - the +3 scale mail of Zurituuts {rCorr}
   (You found it on level 4 of the Dungeon)

   rCorr:     It protects you from acid and corrosion.
 C - a +1 hat (worn)
 D - the +3 hat of Pondering {ponderous, Will+ MP+10 Int+5}
   (You took it off Gastronok on level 11 of the Dungeon)

   Int:       It affects your intelligence (+5).
   MP:        It affects your magic capacity (+10).
   Will:      It increases your willpower.
 E - a +0 pair of gloves (worn)
 O - a +2 kite shield
 R - +0 storm dragon scales
 S - the +7 chain mail of the Accordion (worn) {rC+ Stlth+}
   (You found it on level 14 of the Dungeon)

   rC:        It protects you from cold.
   Stlth:     It makes you more stealthy.
Jewellery
 n - a +4 ring of slaying (left hand)
 y - an amulet of regeneration (around neck)
 I - a +6 ring of intelligence
 L - a ring of see invisible (right hand)
 M - a +6 ring of dexterity
 N - a ring of magical power
 P - a ring of protection from fire
Wands
 p - a wand of iceblast (17)
 u - a wand of digging (14)
 z - a wand of flame (52)
Scrolls
 d - 5 scrolls of enchant armour
 h - 7 scrolls of teleportation
 o - 2 scrolls of enchant weapon
 s - a scroll of magic mapping
 w - a scroll of fear
 G - 3 scrolls of identify
Potions
 b - a potion of cancellation
 c - a potion of magic
 f - 4 potions of lignification
 g - 3 potions of brilliance
 i - 6 potions of curing
 k - 4 potions of berserk rage
 l - 5 potions of heal wounds
 t - 3 potions of resistance
 v - a potion of haste
 B - 3 potions of flight
 F - a potion of might
 H - a potion of attraction {unknown}
 J - a potion of ambrosia {unknown}
Miscellaneous
 Q - a lightning rod (4/4)


   Skills:
 + Level 16.1 Fighting
 - Level 16.0 Axes
 + Level 18.0 Armour
 + Level 4.7 Dodging


You had 12 spell levels left.
You didn't know any spells.
Your spell library was empty.

Dungeon Overview and Level Annotations

Branches:
Dungeon (15/15)            Temple (0/1) D:5            Lair (0/6) D:10
    Orc (0/2) D:12         Vaults (0/5) D:14
 Depths: D:15

Altars:
Ashenzari
Cheibriados
Gozag
Hepliaklqana
Kikubaaqudgha
Nemelex Xobeh
Okawaru
Ru
Trog
Uskayaw
Vehumet
Xom
Yredelemnul
The Shining One

Shops:
D:4 [   D:7 :   D:12 (*

Portals:
Trove: D:12 (give +4 fire dragon scales)

Annotations:
D:12 3 runed translucent doors
D:15 Jorgrun


Innate Abilities, Weirdness & Mutations

You have a pair of horns on your head.
You reflexively headbutt those who attack you in melee.


Message History

You closely miss Jorgrun. Your headbutt misses Jorgrun.
Jorgrun is severely wounded.
Jorgrun hits you with a +0 vorpal quarterstaff!
You slash Jorgrun! Your headbutt misses Jorgrun.
Jorgrun is severely wounded.
Jorgrun barely misses you.
Your limbs are stiffening.
You slash Jorgrun!
Jorgrun is severely wounded.
Jorgrun gestures at you while chanting.
You struggle to resist.
You have turned to stone.
Jorgrun hits you but does no damage.
Jorgrun hits you with a +0 vorpal quarterstaff.
Jorgrun hits you with a +0 vorpal quarterstaff!
Jorgrun casts a spell at you.
Roots burst forth from the earth!
The grasping roots grab you! The grasping roots constrict you.
Jorgrun hits you with a +0 vorpal quarterstaff!
The grasping roots constrict you.
Jorgrun hits you with a +0 vorpal quarterstaff.
The grasping roots constrict you.
Jorgrun hits you with a +0 vorpal quarterstaff!
The grasping roots constrict you. Jorgrun completely misses you.
The grasping roots constrict you!
You turn to flesh and can move again.
You hit Jorgrun.
You feel better.
Jorgrun is severely wounded.
You miss Jorgrun. Your headbutt misses Jorgrun.
Jorgrun is severely wounded.
Jorgrun gestures at you while chanting. The iron shot hits you!!!
* * * LOW HITPOINT WARNING * * *
The grasping roots constrict you.
* * * LOW HITPOINT WARNING * * *
You miss Jorgrun.
Jorgrun is severely wounded.
Jorgrun says, "'tis place shall be yer tomb!"
Jorgrun casts a spell at you. The iron shot hits you!!
You die...

##########
#.@g......
#.#######. #.#
#.# #####.#
#.....# #.#####
#######.####...
#............#


You could see Jorgrun.

Vanquished Creatures
  Gastronok (D:11)
  A storm dragon (D:14)
  A yaktaur captain (D:14)
  2 vault guards (D:14)
  A hydra (D:14)
  2 boulder beetles
  2 ogre magi
  A catoblepas (D:12)
  6 centaur warriors
  10 two-headed ogres
  2 tengu warriors
  A death knight (D:12)
  A deep troll earth mage (D:14)
  2 deep elf pyromancers
  A cyclops (D:14)
  3 ugly things
  6 manticores
  Joseph (D:8)
  A black mamba (shapeshifter) (D:14)
  A gargoyle (D:12)
  Maurice (D:11)
  A guardian serpent (shapeshifter) (D:14)
  A torpor snail (shapeshifter) (D:15)
  Maggie (D:8)
  An unseen horror (D:11)
  4 kobold demonologists
  Psyche (D:9)
  A komodo dragon (D:11)
  2 efreet (D:14)
  A tengu conjurer (D:14)
  4 trolls
  Prince Ribbit (D:7)
  A tarantella (shapeshifter) (D:14)
  4 vampires
  26 yaks
  2 wraiths
  3 wyverns
  Eustachio (D:6)
  9 humans (D:14)
  4 vampire mosquitoes (D:12)
  A steam dragon (D:9)
  3 wargs (D:10)
  4 acid dragons
  2 water moccasins
  An orc warrior (D:8)
  3 black bears
  7 ogres
  8 centaurs
  A phantom (D:5)
  6 kobold brigands
  5 bullfrogs
  A scorpion (D:4)
  A gnoll sergeant (D:11)
  3 necrophages
  14 wights
  9 killer bees
  9 howler monkeys
  A lava snake (D:12)
  5 jellies
  5 hounds
  3 gnoll shamans (D:6)
  3 orc priests
  2 iguanas (D:4)
  8 orc wizards
  7 adders
  17 gnolls
  2 white imps (D:6)
  4 ufetubi
  A dart slug (D:2)
  33 orcs
  7 bats
  6 endoplasms
  2 giant cockroaches (D:1)
  6 goblins
  7 hobgoblins
  8 jackals
  11 kobolds
  5 quokkas
  5 ball pythons
  6 frilled lizards
  6 rats
353 creatures vanquished.

Vanquished Creatures (collateral kills)
  Roxanne (D:14)
1 creature vanquished.

Vanquished Creatures (others)
  A wizard (D:10)
  A human (D:14)
2 creatures vanquished.

Grand Total: 356 creatures vanquished

Notes
Turn   | Place    | Note
-------+----------+-------------------------------------------
     0 | D:1      | ytrimaz the Minotaur Berserker began the quest for the Orb.
     0 | D:1      | Reached XP level 1. HP: 19/19 MP: 0/0
   220 | D:1      | Reached XP level 2. HP: 14/27 MP: 1/1
   612 | D:1      | Reached XP level 3. HP: 29/33 MP: 2/2
   847 | D:1      | Found a faded altar of an unknown god.
  1072 | D:2      | Reached ** piety under Trog
  1321 | D:2      | Reached skill level 3 in Armour
  1375 | D:2      | Found an iron altar of Okawaru.
  1730 | D:3      | Identified the +3 cloak "Ujoihabi" {Fly rF+ MP+9}
  2216 | D:3      | Reached XP level 4. HP: 38/41 MP: 3/3
  2323 | D:3      | Found a faded altar of an unknown god.
  2341 | D:3      | Found a hazy altar of Hepliaklqana.
  2437 | D:3      | Found a broken altar of Ashenzari.
  2816 | D:4      | Found Vadur's Antique Armour Shoppe.
  2835 | D:4      | Reached skill level 5 in Axes
  2835 | D:4      | Reached skill level 4 in Armour
  2835 | D:4      | Reached XP level 5. HP: 47/47 MP: 4/4
  2874 | D:4      | Reached *** piety under Trog
  2876 | D:4      | Reached skill level 5 in Fighting
  2885 | D:4      | Reached XP level 6. HP: 31/56 MP: 5/5
  2889 | D:4      | Identified the +3 scale mail of Zurituuts {rCorr}
  3491 | D:5      | Entered Level 5 of the Dungeon
  3834 | D:5      | Found a staircase to the Ecumenical Temple.
  3969 | D:5      | Reached skill level 5 in Armour
  3990 | D:5      | Reached XP level 7. HP: 61/61 MP: 6/6
  4123 | D:5      | Reached skill level 6 in Armour
  4509 | D:6      | Noticed Eustachio
  4526 | D:6      | Killed Eustachio
  4527 | D:6      | Reached XP level 8. HP: 71/71 MP: 7/7
  4554 | D:6      | Reached skill level 7 in Armour
  4842 | D:6      | Reached **** piety under Trog
  5049 | D:6      | Reached skill level 10 in Axes
  5405 | D:7      | Reached XP level 9. HP: 79/79 MP: 8/8
  5454 | D:7      | Reached skill level 8 in Armour
  5542 | D:7      | Noticed Prince Ribbit
  5550 | D:7      | Killed Prince Ribbit
  5579 | D:7      | Found Naacw's Book Shoppe.
  5859 | D:8      | Noticed Maggie
  5874 | D:8      | Killed Maggie
  5875 | D:8      | Reached skill level 9 in Armour
  6280 | D:8      | Noticed Joseph
  6296 | D:8      | Killed Joseph
  6538 | D:8      | Reached XP level 10. HP: 91/91 MP: 9/9
  6575 | D:8      | Found a sacrificial altar of Ru.
  6578 | D:8      | Found a glowing golden altar of the Shining One.
  6582 | D:8      | Found an ancient bone altar of Kikubaaqudgha.
  6587 | D:8      | Found an opulent altar of Gozag.
  6587 | D:8      | Found a hide-covered altar of Uskayaw.
  6590 | D:8      | Found a radiant altar of Vehumet.
  6593 | D:8      | Found a snail-covered altar of Cheibriados.
  6812 | D:9      | Reached skill level 10 in Armour
  6823 | D:9      | Noticed a two-headed ogre
  6836 | D:9      | Killed a two-headed ogre
  7000 | D:9      | Reached skill level 11 in Armour
  7104 | D:9      | Found a sparkling altar of Nemelex Xobeh.
  7162 | D:9      | Found a basalt altar of Yredelemnul.
  7393 | D:9      | Noticed Psyche
  7393 | D:9      | Paralysed by Psyche for 5 turns
  7413 | D:9      | Killed Psyche
  7414 | D:9      | Reached skill level 12 in Armour
  7449 | D:9      | Noticed a two-headed ogre
  7454 | D:9      | Killed a two-headed ogre
  7455 | D:9      | Reached skill level 10 in Fighting
  7544 | D:10     | Entered Level 10 of the Dungeon
  7552 | D:10     | Found a staircase to the Lair.
  7566 | D:10     | Reached XP level 11. HP: 99/99 MP: 10/10
  7659 | D:10     | Reached ***** piety under Trog
  7798 | D:10     | Found a bloodstained altar of Trog.
  7826 | D:10     | Found a shimmering altar of Xom.
  7829 | D:10     | Found a shimmering altar of Xom.
  7831 | D:10     | Found a shimmering altar of Xom.
  7832 | D:10     | Found a shimmering altar of Xom.
  7832 | D:10     | Found a shimmering altar of Xom.
  7884 | D:10     | Found a shimmering altar of Xom.
  8122 | D:10     | Reached skill level 13 in Armour
  8176 | D:10     | Noticed a wizard
  8182 | D:10     | Killed a wizard
  8303 | D:11     | Noticed Gastronok
  8345 | D:11     | Killed Gastronok
  8634 | D:11     | Noticed Maurice
  8646 | D:11     | Noticed a centaur warrior
  8651 | D:11     | Killed Maurice
  8663 | D:11     | Killed a centaur warrior
  8664 | D:11     | Reached skill level 14 in Armour
  8738 | D:11     | Noticed an ogre mage
  8742 | D:11     | Noticed a two-headed ogre
  8745 | D:11     | Killed an ogre mage
  8745 | D:11     | Noticed a two-headed ogre
  8746 | D:11     | Reached skill level 15 in Axes
  8746 | D:11     | Reached XP level 12. HP: 112/112 MP: 11/11
  8754 | D:11     | Killed a two-headed ogre
  8772 | D:11     | Killed a two-headed ogre
  9250 | D:12     | Found a runed translucent gate.
  9250 | D:12     | Found a runed translucent gate.
  9250 | D:12     | Found a runed translucent gate.
  9257 | D:12     | Found a staircase to the Orcish Mines.
  9295 | D:12     | Noticed a two-headed ogre
  9297 | D:12     | Noticed a death knight
  9307 | D:12     | Killed a two-headed ogre
  9321 | D:12     | Killed a death knight
  9624 | D:12     | Found Lutet's Specific Store.
  9626 | D:12     | Found Larehid's General Store.
  9720 | D:12     | Noticed a two-headed ogre
  9730 | D:12     | Killed a two-headed ogre
  9731 | D:12     | Reached skill level 15 in Armour
  9809 | D:12     | Noticed a catoblepas
  9831 | D:12     | Killed a catoblepas
  9861 | D:12     | Noticed a bunyip
  9863 | D:12     | a bunyip changed into a goliath frog
 10001 | D:12     | Found a portal to a secret trove of treasure.
 10156 | D:12     | Found Zorijusy's Antique Weapon Shoppe.
 10176 | D:12     | Noticed a two-headed ogre
 10185 | D:12     | Killed a two-headed ogre
 10422 | D:13     | Noticed a two-headed ogre
 10436 | D:13     | Killed a two-headed ogre
 10445 | D:13     | You are sucked into a shaft and drop 2 floors!
 10445 | D:15     | Entered Level 15 of the Dungeon
 10484 | D:15     | Noticed a boulder beetle
 10548 | D:15     | Noticed a centaur warrior
 10817 | D:13     | Noticed a centaur warrior
 10821 | D:13     | Noticed a tengu warrior
 10823 | D:13     | Killed a centaur warrior
 10843 | D:13     | Killed a tengu warrior
 10881 | D:13     | Noticed a centaur warrior
 10893 | D:13     | Killed a centaur warrior
 10907 | D:13     | Noticed a centaur warrior
 10911 | D:13     | Reached skill level 16 in Armour
 10911 | D:13     | Reached XP level 13. HP: 87/123 MP: 12/12
 11656 | D:14     | Found a gate to the Vaults.
 11905 | D:14     | Found a runed translucent door.
 11913 | D:14     | Reached skill level 17 in Armour
 11927 | D:14     | Reached skill level 15 in Fighting
 11973 | D:14     | Noticed a storm dragon
 11990 | D:14     | Killed a storm dragon
 12170 | D:14     | Identified the +7 chain mail of the Accordion {rC+ Stlth+}
 12395 | D:14     | Noticed Roxanne
 12427 | D:14     | HP: 4/127 [Roxanne/iron shot (65)]
 12638 | D:14     | Killed Roxanne
 13036 | D:15     | Reached skill level 18 in Armour
 13102 | D:15     | Noticed Jorgrun
 13131 | D:15     | Killed from afar by Jorgrun

Illustrated notes

Levels and vault maps discovered:
D:1:      eino_arrival_cavern_a, layout_loops_ring, basic_ecumenical_altar
D:2:      layout_loops_ring, basic_altar
D:3:      layout_loops_corners, nicolae_overflow_ecumenical_swirl,
          nicolae_ashenzari_skybound
D:4:      layout_rooms, serial_shops, nicolae_shop_hallway_stairs
D:5:      layout_basic, minmay_temple_entry_proselytizer, cheibrodos_gnoll_hut
D:6:      layout_loops_cross, uniq_eustachio
D:7:      layout_rooms, serial_shops, shop, uniq_prince_ribbit1
D:8:      layout_basic, nicolae_overflow_hallway_of_the_gods, uniq_maggie,
          uniq_joseph
D:9:      layout_basic, yredelemnul_altar_generic,
          nicolae_overflow_crystal_walls, nzn_life_drinkers, uniq_psyche
D:10:     layout_rooms, xom_redecorated, trog_wizard, erik_lair_orcish_takeover,
          skrybe_limestone_x, nicolae_water_bricks, kennysheep_donut
D:11:     layout_basic, serial_glass, glass_columns_b, glass_columns_c,
          uniq_maurice, uniq_gastronok
D:12:     layout_grid_maze, orc_0_dummy,
          ploomutoo_gammafunk_ghost_potion_laboratory, serial_shops,
          kennysheep_mini, enter_trove_1, st_stairs_9, nicolae_specific_store,
          kennysheep_generic_room_9
D:13:     layout_basic
D:14:     layout_loops_cross, ximxim_vaults_locker_room, corexii_corridor_pit,
          minivault_13, uniq_roxanne
D:15:     grunt_enter_depths_snipers, layout_loops_ring, palyth_stone_intersect,
          uniq_jorgrun

Skill      XL: |  1  2  3  4  5  6  7  8  9 10 11 12 13 |
---------------+----------------------------------------+-----
Fighting       | 4 5 6 7 9 10 11 13 16 | 16.1
Axes           | 4 5 6 8 10 12 13 15 16 | 16.0
Armour         | 3 4 5 6 7 9 12 14 16 18 | 18.0
Dodging        | 3 4 |  4.7

Action                   |  1- 3 |  4- 6 |  7- 9 | 10-12 | 13-15 || total
-------------------------+-------+-------+-------+-------+-------++-------
Melee: Hand axe          |    90 |    93 |   229 |   610 |   396 ||  1418
       Headbutt          |    10 |    11 |    46 |   166 |   126 ||   359
       Punch             |       |       |     3 |    13 |     4 ||    20
Throw: Throwing net      |       |       |       |     1 |       ||     1
Invok: Berserk           |     1 |       |     1 |     3 |     3 ||     8
       Trog's Hand       |       |     1 |     3 |     8 |     4 ||    16
       Brothers in Arms  |       |       |       |       |     2 ||     2
  Use: Scroll            |    10 |     3 |     4 |     6 |     2 ||    25
 Stab: Distracted        |       |       |       |       |     1 ||     1
Armor: Plate armour      |    64 |    76 |   178 |   427 |   206 ||   951
       Animal skin       |     1 |       |       |       |       ||     1
       Chain mail        |       |       |       |       |    54 ||    54
Dodge: Dodged            |    30 |    39 |    86 |   230 |   118 ||   503

Table legend: (Time is in decaauts)
 A = Elapsed time spent in this place.
 B = Non-inter-level travel time spent in this place.
 C = Inter-level travel time spent in this place.
 D = Time resting spent in this place.
 E = Time spent auto-exploring this place.
 F = Levels seen in this place.
 G = Mean time per level.
                   A        B        C        D        E       F      G
               +--------+--------+--------+--------+--------+-----+--------+
         Total |  12770 |  12281 |    489 |    548 |   9180 |  15 |  851.3 |
       Dungeon |  12770 |  12281 |    489 |    548 |   9180 |  15 |  851.3 |
               +--------+--------+--------+--------+--------+-----+--------+

Top non-repeatable levels by time:
    D:14: 1595 daAuts
    D:12: 1241 daAuts
     D:3: 1132 daAuts
     D:1: 1018 daAuts
     D:5: 993 daAuts
     D:6: 896 daAuts
     D:8: 873 daAuts
    D:11: 848 daAuts
     D:9: 765 daAuts
     D:2: 681 daAuts
     D:4: 675 daAuts
    D:10: 646 daAuts
    D:13: 589 daAuts
     D:7: 461 daAuts
    D:15: 351 daAuts
